 Dungeon Crawl Stone Soup version 0.31-a0-1570-g93c622d222 (webtiles) character file.

Game seed: 14675981166931071707

51 Atlas the Firebug (level 3, -5/24 HPs)
             Began as a Demonspawn Fire Elementalist on Jan 4, 2024.
             Slain by a gnoll
             ... wielding a +0 halberd
              (10 damage)
             ... on level 2 of the Dungeon.
             The game lasted 00:01:53 (1899 turns).

Atlas the Firebug (Demonspawn Fire Elementalist)    Turns: 1899, Time: 00:01:53

Health: -5/24      AC:  2    Str:  8    XL:     3   Next: 58%
Magic:  5/7        EV: 12    Int: 17    God:
Gold:   72         SH:  4    Dex: 13    Spells: 6/7 levels left

rFire   . . .        (no weapon)
rCold   . . .        (no shield)
rNeg    . . .        a - +0 robe
rPois   .            (no helmet)
rElec   .            (no cloak)
rCorr   .            (no gloves)
SInv    .            (no boots)
Will    .....        (no amulet)
Stlth   ++           (no ring)
HPRegen 0.24/turn    (no ring)
MPRegen 0.10/turn

%: no passive effects
@: no status effects
A: large bone plates 1
a: no special abilities


You were on level 2 of the Dungeon.
You visited 1 branch of the dungeon, and saw 3 of its levels.

You collected 72 gold pieces.

Inventory:

Missiles
 i - a throwing net
Armour
 a - a +0 robe (worn)
Scrolls
 c - a scroll of vulnerability {unknown}
 e - a scroll of teleportation {unknown}
 g - a scroll of fear {unknown}
 h - a scroll of identify {unknown}
 k - a scroll of noise {unknown}
Potions
 b - a potion of magic
 d - 3 potions of curing {unknown}
 f - a potion of lignification {unknown}
 j - a potion of attraction {unknown}
 l - a potion of heal wounds {unknown}
 m - a potion of haste {unknown}


   Skills:
 + Level 2.0 Dodging
 + Level 2.0 Stealth
 + Level 0.1 Unarmed Combat
 + Level 2.7 Spellcasting
 + Level 1.2 Conjurations
 + Level 3.2 Fire Magic


You had 6 spell levels left.
You knew the following spells:

 Your Spells              Type           Power      Damage    Failure   Level
a - Foxfire               Conj/Fire      40%        2x1d6     7%          1

Your spell library contained the following spells:

 Spells                   Type           Power      Damage    Failure   Level
 Scorch                   Fire           26%        2d6       7%          2
 Inner Flame              Hex/Fire       7%         N/A       26%         3
 Volatile Blastmotes      Fire/Tloc      14%        2d11      26%         3
 Tukima's Dance           Hex            2%         N/A       47%         3
 Flame Wave               Conj/Fire      10%        2d6       56%         4
 Passage of Golubria      Tloc           2%         N/A       87%         4
 Yara's Violent Unravell  Hex/Alch       1%         3d3       99%         5


Dungeon Overview and Level Annotations

Branches:
Dungeon (3/15)

Altars:

Shops:
D:1 (


Innate Abilities, Weirdness & Mutations

You are partially covered in large bone plates. (SH +4)


Message History

Your foxfire dissipates!
Your foxfire dissipates!
You see here an adder corpse.
You enter the shallow water.
Moving in this stuff is going to be slow.
Done exploring.
Done exploring.
Okay, then.
There is a stone staircase leading down here.
You climb downwards.
The gnoll shouts! x4; You hear a shout!
The adder hisses angrily.
There is a stone staircase leading up here.
There are monsters nearby!
There are monsters nearby!
You block the gnoll's attack.
The gnoll hits you from afar with a +0 spear!
The gnoll barely misses you.
You climb upwards.
There is a stone staircase leading down here.
You conjure some foxfire!
The gnoll misses you. The gnoll hits you with a +0 whip.
You conjure some foxfire!
The foxfire hits the gnoll.
The gnoll is moderately wounded.
The foxfire hits the gnoll.
The gnoll is heavily wounded.
The gnoll closely misses you. The gnoll hits you with a +0 whip!
* * * LOW HITPOINT WARNING * * *
You are too injured to fight recklessly!
You are too injured to fight recklessly!
Unknown command.
You are too injured to fight recklessly!
You are too injured to fight recklessly!
You hit the gnoll.
The gnoll is severely wounded.
The foxfire hits the gnoll but does no damage.
The gnoll is severely wounded.
The foxfire hits the gnoll.
The gnoll is almost dead.
The gnoll hits you with a +0 halberd!
You die...

#....†....>##.....#.###....
####.###.###########..###.#.
##....# #.## ##.# #.#.
#..######..###########.###.##
#####†##
##.....................
.......#
##........########..#.##
.......###..........# ##...##
...............§§§..# #...##
.......###...(..@...# ##.#..#
.......# #)....gg...#
##..##.# .......#
#......^...######..###..
.......#
##....................).
########
##........######.#####..
#..........# #.# #..
#..........# #.# #..
#..........# #.# #..
#........>.# #.#####..


You could see 2 gnolls.

Vanquished Creatures
  An adder (D:2)
  3 dart slugs (D:2)
  6 ball pythons
  3 bats
  An endoplasm (D:1)
  2 giant cockroaches (D:2)
  A goblin (D:1)
  3 hobgoblins
  4 jackals (D:2)
  2 quokkas (D:2)
  3 frilled lizards
  2 kobolds
  2 rats (D:2)
33 creatures vanquished.

Vanquished Creatures (others)
  134 foxfires
134 creatures vanquished.

Grand Total: 167 creatures vanquished

Notes
Turn   | Place    | Note
-------+----------+-------------------------------------------
     0 | D:1      | Atlas the Demonspawn Fire Elementalist began the quest for
                  | the Orb.
     0 | D:1      | Reached XP level 1. HP: 13/13 MP: 3/3
   124 | D:1      | Found Sunorgh's Antique Weapon Shop.
   169 | D:1      | Found a faded altar of an unknown god.
   353 | D:1      | Gained mutation: You are partially covered in large bone
                  | plates. (SH +4) [demonic ancestry]
   353 | D:1      | Reached XP level 2. HP: 19/19 MP: 1/5
  1067 | D:2      | Reached skill level 3 in Fire Magic
  1236 | D:2      | Reached XP level 3. HP: 24/24 MP: 1/6
  1899 | D:2      | Slain by a gnoll

Illustrated notes

Levels and vault maps discovered:
D:1:      dpeg_arrival_houses_and_road, layout_rooms, serial_shops, shop,
          basic_ecumenical_altar, minmay_tromino_v4_c
D:2:      layout_rooms, minivault_4
D:3:      layout_rooms, kennysheep_generic_room_13

Skill      XL: |  1  2 |
---------------+-------+-----
Dodging        | 2 |  2.0
Stealth        | 2 |  2.0
Fire Magic     | 3 |  3.2
Unarmed Combat | |  0.1
Spellcasting   | |  2.7
Conjurations   | |  1.2

Action                     || total
---------------------------++-------
  Melee: Unarmed           ||    28
   Cast: Foxfire           ||    77
 Armour: Robe              ||    25
  Dodge: Dodged            ||    42
  Block: Other             ||     7

Table legend: (Time is in decaauts)
 A = Elapsed time spent in this place.
 B = Non-inter-level travel time spent in this place.
 C = Inter-level travel time spent in this place.
 D = Time resting spent in this place.
 E = Time spent auto-exploring this place.
 F = Levels seen in this place.
 G = Mean time per level.
                   A        B        C        D        E       F      G
               +--------+--------+--------+--------+--------+-----+--------+
         Total |   1899 |   1831 |     68 |      0 |   1618 |   3 |  633.0 |
       Dungeon |   1899 |   1831 |     68 |      0 |   1618 |   3 |  633.0 |
               +--------+--------+--------+--------+--------+-----+--------+

Top non-repeatable levels by time:
     D:2: 1142 daAuts
     D:1: 755 daAuts
     D:3: 1 daAuts
